 Dungeon Crawl Stone Soup version 0.19.1-1-g22dce08 (webtiles) character file.

74 Mefis the Magician (level 4, 0/24 HPs)
             Began as a Deep Elf Wizard on Jan 13, 2017.
             Succumbed to an adder's poison
             ... on level 2 of the Dungeon.
             The game lasted 00:02:58 (1462 turns).

Mefis the Magician (Deep Elf Wizard)                Turns: 1462, Time: 00:02:59

Health: 0/24       AC:  2    Str:  4    XL:     4   Next: 10%
Magic:  12/13      EV: 13    Int: 24    God:
Gold:   83         SH:  0    Dex: 13    Spells: 5 memorised, 3 levels left

rFire  . . .     SeeInvis .     i - +0 short sword
rCold  . . .     Gourm    .     a - +0 robe
rNeg   . . .     Faith    .     (no shield)
rPois  .         Spirit   .     b - +0 hat
rElec  .         Reflect  .     (no cloak)
rCorr  .         Harm     .     (no gloves)
MR     .....                    (no boots)
Stlth  ++........               (no amulet)
                                (no ring)
                                (no ring)

@: lethally poisoned (0 -> -11)
A: no striking features
a: no special abilities


You were on level 2 of the Dungeon.
You were hungry.

You visited 1 branch of the dungeon, and saw 2 of its levels.

You collected 83 gold pieces.

Inventory:

Hand Weapons
 i - a +0 short sword (weapon)
Armour
 a - a +0 robe (worn)
 b - a +0 hat (worn)
Scrolls
 e - 4 scrolls of identify {unknown}
 g - a scroll of amnesia {unknown}
 k - 2 scrolls of enchant weapon {unknown}
Books
 c - a book of Minor Magic

   Spells                             Type                      Level
   a - Magic Dart                     Conjuration                  1
   b - Blink                          Translocation                2
   c - Call Imp                       Summoning                    2
   d - Repel Missiles                 Charms/Air                   2
   e - Slow                           Hexes                        2
   f - Conjure Flame                  Conjuration/Fire             3
   g - Mephitic Cloud                 Conjuration/Poison/Air       3
Comestibles
 d - a bread ration
 f - 3 meat rations
 j - a beef jerky


   Skills:
 + Level 0.7 Fighting
 + Level 2.8 Dodging
 + Level 3.4 Stealth
 * Level 5.4 Spellcasting
 + Level 2.1 Conjurations
 - Level 1.1 Summonings
 - Level 1.1 Translocations
 + Level 0.2 Air Magic
 + Level 0.2 Poison Magic


You had 3 spell levels left.
You knew the following spells:

 Your Spells              Type           Power        Failure   Level  Hunger
a - Magic Dart            Conj           ###.         4%          1    None
b - Call Imp              Summ           ##......     12%         2    None
c - Blink                 Tloc           N/A          12%         2    None
d - Repel Missiles        Chrm/Air       #.....       14%         2    None
e - Mephitic Cloud        Conj/Pois/Air  ##......     21%         3    ##.....


Dungeon Overview and Level Annotations

Branches:
Dungeon (2/15)

Altars:


Message History

Aim: an adder (almost dead)
The magic dart hits the adder.
You kill the adder!
You have reached level 4!
You feel clever.
* * * LOW HITPOINT WARNING * * *
You feel sick.
You aren't carrying any potions.
A goblin, a hobgoblin and a dart slug come into view.
* * * LOW HITPOINT WARNING * * *
You feel sick.
Found an escape hatch in the ceiling.
You see here an adder corpse.
You butcher the adder corpse.
* * * LOW HITPOINT WARNING * * *
You feel sick.
You see here a chunk of flesh.
Eat a chunk of flesh? (ye/n/q)
You start eating the chunk of flesh.
You die...

#.........###.#....... ..#
#.........###.##..#...# #..
#...........#.###.#.... #.#
#.............# #.##....
#.# .............# #.
#....##..
#######(...#.###[.##..##..#
#........... ##...
#####.#####. #...# #....@#
##..## #..........w..
#..... #.........<....
#..... #..............
##.... #..............
#.... #............g. ##...
#.............. #...
##..........g.# ##.. #..


You could see a dart slug (sleeping), a hobgoblin (sleeping) and a goblin
(sleeping).

Vanquished Creatures
  3 adders (D:2)
  An ooze (D:1)
  A worm (D:2)
  A dart slug (D:1)
  A leopard gecko (D:1)
  2 giant cockroaches
  5 goblins
  3 hobgoblins (D:2)
  2 jackals (D:1)
  4 kobolds
  5 bats
  A frilled lizard (D:2)
  7 rats
36 creatures vanquished.

Vanquished Creatures (collateral kills)
  A bat (D:1)
  2 kobolds (D:1)
3 creatures vanquished.

Grand Total: 39 creatures vanquished

Notes
Turn   | Place    | Note
-------+----------+-------------------------------------------
     0 | D:1      | Mefis the Deep Elf Wizard began the quest for the Orb.
     0 | D:1      | Reached XP level 1. HP: 10/10 MP: 7/7
    66 | D:1      | Reached XP level 2. HP: 5/15 MP: 0/9
    70 | D:1      | Learned a level 2 spell: Call Imp
    73 | D:1      | Learned a level 2 spell: Blink
    76 | D:1      | Learned a level 2 spell: Repel Missiles
   534 | D:1      | Reached skill level 5 in Spellcasting
   970 | D:2      | Reached XP level 3. HP: 20/20 MP: 6/11
   975 | D:2      | Learned a level 3 spell: Mephitic Cloud
  1459 | D:2      | Reached XP level 4. HP: 4/24 MP: 11/13
  1461 | D:2      | HP: 1/24 [poisoned by an adder]
  1462 | D:2      | Succumbed to an adder's poison

Skill      XL: |  1  2  3 |
---------------+----------+-----
Spellcasting   | 5 |  5.4
Conjurations   | 2 |  2.1
Stealth        | 3 |  3.4
Fighting       | |  0.7
Dodging        | |  2.8
Summonings     | |  1.1
Translocations | |  1.1
Air Magic      | |  0.2
Poison Magic   | |  0.2

Action                   |  1- 3 |  4- 6 || total
-------------------------+-------+-------++-------
Melee: Unarmed           |    19 |       ||    19
       Short sword       |     1 |       ||     1
 Cast: Magic Dart        |    95 |     1 ||    96
       Call Imp          |     1 |       ||     1
       Repel Missiles    |     1 |       ||     1
  Use: Potion            |     1 |       ||     1
  Eat: Chunk             |     1 |       ||     1
Armor: Robe              |     9 |       ||     9
Dodge: Dodged            |    42 |       ||    42
       Deflected         |     1 |       ||     1
